 Dungeon Crawl Stone Soup version 0.30.1-4-g462c640d31 (webtiles) character file.

Game seed: 6713520830040620981

762 Nick1 the Chopper (level 8, -4/60 (62) HPs)
             Began as a Formicid Fighter on Sept 13, 2023.
             Slain by a gnoll
             ... wielding a +0 spear
              (6 damage)
             ... on level 5 of the Dungeon.
             The game lasted 00:17:48 (3443 turns).

Nick1 the Chopper (Formicid Fighter)                Turns: 3443, Time: 00:17:49

HP:   -4/60 (62)    AC: 12    Str: 23    XL:     8   Next: 8%
MP:   0/8           EV:  6    Int:  8    God:
Gold: 254           SH:  5    Dex: 13    Spells: 7/7 levels left

rFire   . . .        a - +0 war axe
rCold   + . .        c - +0 buckler
rNeg    + . .        q - +0 plate armour
rPois   +            (helmet unavailable)
rElec   .            (no cloak)
rCorr   .            (no gloves)
SInv    +            (no boots)
Will    .....        j - amulet of guardian spirit Stlth
                     m - ring of the Nightingale {Wiz rPois rC+}
HPRegen 0.30/turn    i - ring of positive energy
MPRegen 0.11/turn

%: guardian spirit, wizardry (x1)
@: mighty, lightly drained
A: permanent stasis, dig shafts and tunnels, antennae 3, four strong arms
a: Dig, Shaft Self


You were on level 5 of the Dungeon.
You visited 1 branch of the dungeon, and saw 5 of its levels.

You collected 254 gold pieces.

Inventory:

Hand Weapons
 a - a +0 war axe (weapon)
Armour
 b - a +0 scale mail
 c - a +0 buckler (worn)
 q - a +0 plate armour (worn)
 t - an orb of light
Jewellery
 h - a ring of magical power
 i - a ring of positive energy (right hand)
 j - an amulet of guardian spirit (around neck)
 m - the ring of the Nightingale (left hand) {Wiz rPois rC+}
   (You acquired it on level 3 of the Dungeon)

   [ring of wizardry]

   It improves your spell success rate.
   rC:        It protects you from cold.
   rPois:     It protects you from poison.
Wands
 l - a wand of mindburst (13)
 n - a wand of iceblast (12)
Scrolls
 k - 2 scrolls of enchant armour
 p - a scroll of vulnerability
 s - a scroll of fear {unknown}
Potions
 e - 3 potions of brilliance
 f - 2 potions of magic
 r - a potion of flight


   Skills:
 * Level 5.0 Fighting
 * Level 6.0 Axes
 * Level 5.3 Armour
 + Level 0.7 Dodging
 + Level 0.1 Stealth
 * Level 5.6 Shields


You had 7 spell levels left.
You didn't know any spells.
Your spell library contained the following spells:

 Spells                   Type           Power      Damage    Failure   Level
 Apportation              Tloc           0%         N/A       96%         1
 Necrotise                Necr           0%         1d4       96%         1
 Summon Small Mammal      Summ           0%         N/A       96%         1


Dungeon Overview and Level Annotations

Branches:
Dungeon (5/15)
 Temple: D:4-7

Altars:
Trog
Uskayaw

Shops:
D:3 *


Innate Abilities, Weirdness & Mutations

You cannot be hasted, slowed, berserked, paralysed or teleported.
You can dig through walls and to a lower floor.
You have a pair of large antennae on your head. (SInv)
Your four strong arms can wield two-handed weapons with a shield.


Message History

* * * LOW HITPOINT WARNING * * *
The gnoll hits you but does no damage. x2; The gnoll closely misses you.
Your Axes skill increases to level 6!
You closely miss the wight.
The wight is almost destroyed.
You hit the scorpion.
The scorpion stings you but does no damage.
The wight hits you but does no damage. You block the gnoll's attack.
The gnoll hits you but does no damage. You block the gnoll's attack.
The wight hits you with a +0 morningstar.
* * * LOW HITPOINT WARNING * * *
You partially resist.
You feel drained.
The gnoll hits you from afar with a +0 spear.
* * * LOW HITPOINT WARNING * * *
You block the scorpion's attack.
You closely miss the wight.
The wight is almost destroyed.
You slash the scorpion! You block the gnoll's attack.
The gnoll hits you but does no damage.
The wight hits you from afar with a +0 spear.
* * * LOW HITPOINT WARNING * * *
You partially resist.
You feel drained. The wight hits you but does no damage.
The gnoll closely misses you. The gnoll barely misses you.
The scorpion barely misses you.
Okay, then.
As you read the scroll of summoning, it crumbles to dust.
Wisps of shadow whirl around you... You block the scorpion's attack.
You block the gnoll's attack.
The gnoll hits you from afar with a +0 halberd.
* * * LOW HITPOINT WARNING * * *
You block the wight's attack. The wight barely misses you.
You block the gnoll's attack.
The gnoll hits you from afar with a +0 spear.
* * * LOW HITPOINT WARNING * * *
You slash the wight!
You destroy the wight!
You slash the scorpion!
You kill the scorpion!
The gnoll hits you from afar with a +0 spear.
You die...

........#............
...#.......##.##......##
...##......#####.#...##
...........# ####.....##
...........###..........
..................^...##
......S.c...........###
......o)...........##
.....z)@.g).......##
......)†)g........#
.8.8.8..gg....##...#
............##...###
##..............##
#####..........#
#........... .......$..#


You could see a wight (ally target), 4 gnolls, a friendly centaur (summoned), a
friendly adder (summoned) and a friendly orc (summoned).

Vanquished Creatures
  Grinder (D:3)
  A gnoll sergeant (D:4)
  2 scorpions
  4 wights (D:5)
  A hound (D:4)
  2 jellies
  A sleepcap (D:5)
  Jessica (D:3)
  3 adders
  5 gnolls (D:4)
  A white imp (D:5)
  A worm (D:3)
  A dart slug (D:2)
  An orc (D:3)
  7 bats
  12 endoplasms
  2 giant cockroaches (D:3)
  6 goblins
  9 hobgoblins
  3 kobolds
  A quokka (D:1)
  7 ball pythons
  3 frilled lizards (D:1)
  8 rats
83 creatures vanquished.

Notes
Turn   | Place    | Note
-------+----------+-------------------------------------------
     0 | D:1      | Nick1 the Formicid Fighter began the quest for the Orb.
     0 | D:1      | Reached XP level 1. HP: 18/18 MP: 1/1
   319 | D:1      | Reached XP level 2. HP: 23/24 MP: 2/2
   519 | D:1      | Reached XP level 3. HP: 29/29 MP: 3/3
  1080 | D:1      | You fall into a shaft and drop 1 floor!
  1188 | D:1      | Found a faded altar of an unknown god.
  1409 | D:2      | Reached skill level 3 in Axes
  1409 | D:2      | Reached XP level 4. HP: 35/37 MP: 4/4
  1721 | D:3      | Noticed Jessica
  1730 | D:3      | Killed Jessica
  1779 | D:3      | Reached XP level 5. HP: 42/42 MP: 5/5
  2047 | D:3      | Identified a scroll of acquirement
  2048 | D:3      | Acquired the ring of the Nightingale {Wiz rPois rC+}
  2284 | D:3      | Noticed Grinder
  2311 | D:3      | Killed Grinder
  2312 | D:3      | Reached skill level 4 in Axes
  2312 | D:3      | Reached skill level 5 in Shields
  2312 | D:3      | Reached XP level 6. HP: 22/49 MP: 3/6
  2439 | D:3      | Found Nueloehemi's Assorted Antiques.
  2745 | D:4      | Reached XP level 7. HP: 41/55 MP: 3/7
  2762 | D:4      | Found a hide-covered altar of Uskayaw.
  3172 | D:4      | Reached skill level 5 in Axes
  3192 | D:4      | Reached skill level 5 in Armour
  3352 | D:5      | Entered Level 5 of the Dungeon
  3382 | D:5      | Found a bloodstained altar of Trog.
  3438 | D:5      | Reached skill level 5 in Fighting
  3438 | D:5      | Reached XP level 8. HP: 12/62 MP: 2/8
  3440 | D:5      | Reached skill level 6 in Axes
  3442 | D:5      | HP: 2/60 [gnoll/+0 spear (6)]
  3443 | D:5      | Slain by a gnoll

Illustrated notes

Levels and vault maps discovered:
D:1:      ncdulo_halloftheorcs, layout_basic, shapermc_ecumenical_altar_pompeii,
          serial_curves, eino_curves_03, eino_curves_02
D:2:      layout_loops_cross, minivault_23
D:3:      layout_basic, serial_shops, nicolae_shop_real_fake_doors,
          hangedman_decor_clover_reticule, minmay_pentangle, uniq_grinder,
          uniq_jessica
D:4:      layout_basic, nicolae_uskayaw_suspiria
D:5:      layout_cave_pools, nicolae_overflow_quartered_altars,
          mainiacjoe_overflow_catwalk, lemuel_temple_firewalk_b,
          serial_column_ruins, column_ruins_hut, column_ruins_hut,
          column_ruins_columns_dead_end, column_ruins_open_small,
          column_ruins_columns_straight, column_ruins_columns_T,
          column_ruins_open_tiny, uniq_crazy_yiuf_cottage

Skill      XL: |  1  2  3  4  5  6  7  8 |
---------------+-------------------------+-----
Axes           | 3 4 5 6 |  6.0
Armour         | 4 5 |  5.3
Fighting       | 4 5 |  5.0
Shields        | 5 |  5.6
Dodging        | |  0.7
Stealth        | |  0.1

Action                     |  1- 3 |  4- 6 |  7- 9 || total
---------------------------+-------+-------+-------++-------
  Melee: War axe           |   105 |    79 |    66 ||   250
    Use: Scroll            |     3 |     7 |     2 ||    12
         Potion            |       |     1 |     2 ||     3
 Armour: Scale mail        |    63 |    18 |       ||    81
         Plate armour      |       |    15 |    68 ||    83
  Dodge: Dodged            |    52 |    19 |    41 ||   112
  Block: Buckler           |    22 |    16 |    38 ||    76
